AAA
MONTERREY KILLER WHALES @ QUEBEC FIGHTING QUAKERS
04/15/2060
 
TOP OF THE 1ST
Reno Railers batting - Pitching for Ottawa Beavers : RHP Theodore Barkley
Pitching: RHP Theodore Barkley
Batting: RHB Hartley Muro 0-0: Ball
1-0: Ball
2-0: Called Strike
2-1: Ball
3-1: Called Strike
3-2: Base on Balls
Batting: RHB Sheridan Anuenue 0-0: Ball
1-0: Swinging Strike
1-1: Ball
2-1: Ball
3-1: SINGLE (Groundball, 6MD, EV 96.2 MPH)
Hartley Muro to second
Batting: RHB Harry Fischer 0-0: Foul Ball, location: 2F
0-1: Foul Ball, location: 2F
0-2: Ball
1-2: Foul Ball, location: 2F
1-2: Strikes out swinging
Batting: RHB Tate Elliott 0-0: Swinging Strike
0-1: Ball
Wild Pitch!
Hartley Muro to third
Sheridan Anuenue to second
1-1: Ball
2-1: Ball
3-1: Foul Ball, location: 2F
3-2: Strikes out swinging
Batting: LHB Moses Thomas 0-0: Ball
1-0: Foul Ball, location: 2F
1-1: Foul Ball, location: 2F
1-2: Strikes out swinging
Top of the 1st over - 0 runs, 1 hit, 0 errors, 2 left on base; Reno 0 - Ottawa 0
BOTTOM OF THE 1ST
Ottawa Beavers batting - Pitching for Reno Railers : RHP Nathan Buckley
Pitching: RHP Nathan Buckley
Batting: SHB Dennis Daley 0-0: Called Strike
0-1: Foul Ball, location: 2F
0-2: Foul Ball, location: 2F
0-2: Ground out 4-3 (Groundball, 34, EV 107.5 MPH)
Batting: RHB Jaboree Kafengauz 0-0: Called Strike
0-1: DOUBLE (Groundball, 5L, EV 105.0 MPH)
Batting: RHB Carlos Kinney 0-0: Ball
1-0: Swinging Strike
1-1: Foul Ball, location: 2F
1-2: Ball
2-2: Strikes out swinging
Batting: RHB Gavin Wright 0-0: Ball
1-0: Called Strike
1-1: Ball
Wild Pitch!
Jaboree Kafengauz to third
2-1: Foul Ball, location: 2F
2-2: Ball
3-2: Foul Ball, location: 2F
3-2: Ground out 6-3 (Groundball, 6, EV 105.0 MPH)
Bottom of the 1st over - 0 runs, 1 hit, 0 errors, 1 left on base; Reno 0 - Ottawa 0
TOP OF THE 2ND
Reno Railers batting - Pitching for Ottawa Beavers : RHP Theodore Barkley
Batting: RHB Sol Djojohadiksumo 0-0: Ball
1-0: Ball
2-0: Called Strike
2-1: Ball
3-1: Base on Balls
Batting: RHB Braedon Pashikian 0-0: Ball
1-0: Foul Ball, location: 2F
1-1: Foul Ball, location: 2F
1-2: Ball
2-2: Ball
3-2: Foul Ball, location: 2F
3-2: DOUBLE (Line Drive, 5D, EV 97.5 MPH)
Sol Djojohadiksumo to third
Batting: LHB Jon Dutton 0-0: Called Strike
0-1: Ball
1-1: 3-RUN HOME RUN (Flyball, 9D, EV 95.6 MPH), Distance : 355 ft
Batting: RHB Brian Lemon 0-0: Called Strike
0-1: Fly out, F8 (Flyball, 78D, EV 97.5 MPH)
Batting: RHB Hartley Muro 0-0: Ball
1-0: Ball
2-0: Ball
3-0: Base on Balls
Batting: RHB Sheridan Anuenue 0-0: Called Strike
0-1: Ball
1-1: Ball
2-1: Ball
3-1: Base on Balls
Hartley Muro to second
Batting: RHB Harry Fischer 0-0: Ball
Hartley Muro steals 3rd base
Sheridan Anuenue to second
1-0: Foul Ball, location: 2F
1-1: Swinging Strike
1-2: Strikes out swinging
Batting: RHB Tate Elliott 0-0: Ball
1-0: Called Strike
1-1: Called Strike
1-2: Strikes out swinging
Top of the 2nd over - 3 runs, 2 hits, 0 errors, 2 left on base; Reno 3 - Ottawa 0
BOTTOM OF THE 2ND
Ottawa Beavers batting - Pitching for Reno Railers : RHP Nathan Buckley
Batting: RHB Nelson Lutsky 0-0: Foul Ball, location: 2F
0-1: Called Strike
0-2: Ball
1-2: Ball
2-2: Foul Ball, location: 2F
2-2: Foul Ball, location: 2F
2-2: Foul Ball, location: 2F
2-2: Ball
3-2: Fly out, F8 (Flyball, 8RD, EV 75.0 MPH)
Batting: SHB Jim Arvin 0-0: Ball
1-0: Ball
2-0: Foul Ball, location: 2F
2-1: Ball
3-1: Called Strike
3-2: Fly out, F7 (Line Drive, 7LS, EV 94.4 MPH)
Batting: RHB Taylor Allison 0-0: Ball
1-0: Foul Ball, location: 2F
1-1: Swinging Strike
1-2: Ball
2-2: Foul Ball, location: 2F
2-2: Ball
3-2: Strikes out looking
Bottom of the 2nd over - 0 runs, 0 hits, 0 errors, 0 left on base; Reno 3 - Ottawa 0
TOP OF THE 3RD
Reno Railers batting - Pitching for Ottawa Beavers : RHP Theodore Barkley
Batting: LHB Moses Thomas 0-0: Ball
1-0: Called Strike
1-1: Ball
2-1: Ball
3-1: Base on Balls
Batting: RHB Sol Djojohadiksumo 0-0: Ball
1-0: Swinging Strike
1-1: Foul Ball, location: 2F
1-2: Grounds into double play, 4-6-3 (Groundball, 4, EV 90.6 MPH)
Batting: RHB Braedon Pashikian 0-0: Ball
1-0: Ball
2-0: Ball
3-0: Called Strike
3-1: Base on Balls
Batting: LHB Jon Dutton 0-0: Called Strike
0-1: Called Strike
Braedon Pashikian is caught stealing 2nd base 2-6
Top of the 3rd over - 0 runs, 0 hits, 0 errors, 0 left on base; Reno 3 - Ottawa 0
BOTTOM OF THE 3RD
Ottawa Beavers batting - Pitching for Reno Railers : RHP Nathan Buckley
Batting: RHB Omari Stubbs 0-0: Called Strike
0-1: Foul Ball, location: 2F
0-2: Ground out 3-1 (Groundball, 34, EV 83.1 MPH)
Batting: RHB Erick Hartman 0-0: Ball
1-0: Ball
2-0: Called Strike
2-1: SINGLE (Groundball, 56D, EV 108.1 MPH)
Batting: SHB Dennis Daley 0-0: Called Strike
0-1: Called Strike
0-2: Strikes out looking
Batting: RHB Jaboree Kafengauz 0-0: Ball
1-0: Swinging Strike
1-1: Fly out, F7 (Flyball, 7D, EV 102.5 MPH)
Bottom of the 3rd over - 0 runs, 1 hit, 0 errors, 1 left on base; Reno 3 - Ottawa 0
TOP OF THE 4TH
Reno Railers batting - Pitching for Ottawa Beavers : RHP Theodore Barkley
Batting: LHB Jon Dutton 0-0: Called Strike
0-1: Ball
1-1: Ball
2-1: Swinging Strike
2-2: Ball
3-2: Strikes out swinging
Batting: RHB Brian Lemon 0-0: Called Strike
0-1: Swinging Strike
0-2: Ball
1-2: Strikes out looking
Batting: RHB Hartley Muro 0-0: Ball
1-0: Ground out 6-3 (Groundball, 6S, EV 85.6 MPH)
Top of the 4th over - 0 runs, 0 hits, 0 errors, 0 left on base; Reno 3 - Ottawa 0
BOTTOM OF THE 4TH
Ottawa Beavers batting - Pitching for Reno Railers : RHP Nathan Buckley
Batting: RHB Carlos Kinney 0-0: Called Strike
0-1: Ball
1-1: Called Strike
1-2: Foul Ball, location: 2F
1-2: DOUBLE (Line Drive, 7LM, EV 93.1 MPH)
Batting: RHB Gavin Wright 0-0: Ball
1-0: Foul Ball, location: 2F
1-1: Ground out 6-3 (Groundball, 6, EV 86.9 MPH)
Batting: RHB Nelson Lutsky 0-0: Swinging Strike
0-1: Ball
1-1: Swinging Strike
1-2: Ground out 5-3 (Groundball, 5, EV 103.1 MPH)
Batting: SHB Jim Arvin 0-0: Called Strike
0-1: Called Strike
0-2: Ground out 5-3 (Groundball, 15, EV 82.5 MPH)
Bottom of the 4th over - 0 runs, 1 hit, 0 errors, 1 left on base; Reno 3 - Ottawa 0
TOP OF THE 5TH
Reno Railers batting - Pitching for Ottawa Beavers : RHP Theodore Barkley
Batting: RHB Sheridan Anuenue 0-0: Foul Ball, location: 2F
0-1: Ball
1-1: Called Strike
1-2: Ground out 5-3 (Groundball, 56, EV 101.2 MPH)
Batting: RHB Harry Fischer 0-0: Foul Ball, location: 2F
0-1: Ball
1-1: Swinging Strike
1-2: Strikes out swinging
Batting: RHB Tate Elliott 0-0: Called Strike
0-1: Swinging Strike
0-2: Strikes out swinging
Top of the 5th over - 0 runs, 0 hits, 0 errors, 0 left on base; Reno 3 - Ottawa 0
BOTTOM OF THE 5TH
Ottawa Beavers batting - Pitching for Reno Railers : RHP Nathan Buckley
Batting: RHB Taylor Allison 0-0: Ball
1-0: Fly out, F8 (Line Drive, 8LM, EV 89.4 MPH)
Batting: RHB Omari Stubbs 0-0: Ball
1-0: Called Strike
1-1: Called Strike
1-2: SINGLE (Line Drive, 7S, EV 110.6 MPH)
Batting: RHB Erick Hartman 0-0: Called Strike
0-1: Called Strike
0-2: Ball
1-2: SINGLE (Line Drive, 4M, EV 105.0 MPH)
Omari Stubbs to second
Batting: SHB Dennis Daley 0-0: Ball
1-0: Swinging Strike
1-1: DOUBLE (Line Drive, 8RXD, EV 101.2 MPH)
Omari Stubbs scores
Erick Hartman to third
Batting: RHB Jaboree Kafengauz 0-0: Ball
1-0: Called Strike
1-1: Ball
2-1: Ball
3-1: Base on Balls
Batting: RHB Carlos Kinney 0-0: Called Strike
0-1: GRAND SLAM HOME RUN (Flyball, 7D, EV 95.6 MPH), Distance : 362 ft
Batting: RHB Gavin Wright 0-0: Called Strike
0-1: Ball
1-1: Ground out 6-3 (Groundball, 56, EV 111.2 MPH)
Batting: RHB Nelson Lutsky 0-0: Ball
1-0: Called Strike
1-1: SINGLE (Groundball, 56D, EV 100.0 MPH)
Batting: SHB Jim Arvin 0-0: Called Strike
0-1: Ball
1-1: Swinging Strike
1-2: Ball
2-2: Fly out, F9 (Flyball, 9D, EV 98.8 MPH)
Bottom of the 5th over - 5 runs, 5 hits, 0 errors, 1 left on base; Reno 3 - Ottawa 5
TOP OF THE 6TH
Reno Railers batting - Pitching for Ottawa Beavers : RHP Theodore Barkley
Pitching: RHP Dario Gibbs
Batting: LHB Moses Thomas 0-0: Swinging Strike
0-1: Ball
1-1: Fly out, F8 (Line Drive, 8LM, EV 89.4 MPH)
Batting: RHB Sol Djojohadiksumo 0-0: Called Strike
0-1: Swinging Strike
0-2: Strikes out swinging
Batting: RHB Braedon Pashikian 0-0: Called Strike
0-1: Foul Ball, location: 2F
0-2: Foul Ball, location: 2F
0-2: Foul Ball, location: 2F
0-2: Ground out 3-1 (Groundball, 34S, EV 85.0 MPH)
Top of the 6th over - 0 runs, 0 hits, 0 errors, 0 left on base; Reno 3 - Ottawa 5
BOTTOM OF THE 6TH
Ottawa Beavers batting - Pitching for Reno Railers : RHP Nathan Buckley
Batting: RHB Taylor Allison 0-0: Fly out, F3 (Popup, 3DF, EV 71.9 MPH)
Batting: RHB Omari Stubbs 0-0: Swinging Strike
0-1: Called Strike
0-2: Ball
1-2: Strikes out swinging
Batting: RHB Erick Hartman 0-0: Fly out, F9 (Flyball, 9LM, EV 105.6 MPH)
Bottom of the 6th over - 0 runs, 0 hits, 0 errors, 0 left on base; Reno 3 - Ottawa 5
TOP OF THE 7TH
Reno Railers batting - Pitching for Ottawa Beavers : RHP Dario Gibbs
Batting: LHB Jon Dutton 0-0: Called Strike
0-1: Swinging Strike
0-2: Strikes out swinging
Batting: RHB Brian Lemon 0-0: Ball
1-0: Called Strike
1-1: SINGLE (Groundball, 4MD, EV 101.2 MPH)
Batting: RHB Hartley Muro 0-0: Foul Ball, location: 2F
0-1: Swinging Strike
0-2: Strikes out looking
Batting: RHB Sheridan Anuenue 0-0: Fly out, F8 (Line Drive, 8LM, EV 105.0 MPH)
Top of the 7th over - 0 runs, 1 hit, 0 errors, 1 left on base; Reno 3 - Ottawa 5
BOTTOM OF THE 7TH
Ottawa Beavers batting - Pitching for Reno Railers : RHP Nathan Buckley
Pitching: LHP Cody Norvell
Batting: SHB Dennis Daley 0-0: Ball
1-0: Foul Ball, location: 2F
1-1: Swinging Strike
1-2: Ball
2-2: Strikes out swinging
Batting: RHB Jaboree Kafengauz 0-0: Called Strike
0-1: Ball
1-1: Swinging Strike
1-2: Fly out, F3 (Popup, 3SF, EV 78.1 MPH)
Batting: RHB Carlos Kinney 0-0: Called Strike
0-1: Foul Ball, location: 2F
0-2: Ball
1-2: Strikes out looking
Bottom of the 7th over - 0 runs, 0 hits, 0 errors, 0 left on base; Reno 3 - Ottawa 5
TOP OF THE 8TH
Reno Railers batting - Pitching for Ottawa Beavers : RHP Dario Gibbs
Batting: RHB Harry Fischer 0-0: Ball
1-0: Ball
2-0: Called Strike
2-1: Ball
3-1: Called Strike
3-2: Fly out, F4 (Line Drive, 34D, EV 68.8 MPH)
Batting: RHB Tate Elliott 0-0: Foul Ball, location: 2F
0-1: Ball
1-1: Foul Ball, location: 2F
1-2: Foul Ball, location: 2F
1-2: Ball
2-2: Strikes out looking
Pitching: LHP Topher Vaughn
Batting: LHB Moses Thomas 0-0: Ball
1-0: Ball
2-0: Called Strike
2-1: Foul Ball, location: 2F
2-2: Strikes out swinging
Top of the 8th over - 0 runs, 0 hits, 0 errors, 0 left on base; Reno 3 - Ottawa 5
BOTTOM OF THE 8TH
Ottawa Beavers batting - Pitching for Reno Railers : LHP Cody Norvell
Batting: RHB Gavin Wright 0-0: Ground out 6-3 (Groundball, 6, EV 107.5 MPH)
Batting: RHB Nelson Lutsky 0-0: Ground out 6-3 (Groundball, 6, EV 106.2 MPH)
Batting: SHB Jim Arvin 0-0: Ball
1-0: Called Strike
1-1: Ball
2-1: Ball
3-1: Swinging Strike
3-2: Foul Ball, location: 2F
3-2: Strikes out looking
Bottom of the 8th over - 0 runs, 0 hits, 0 errors, 0 left on base; Reno 3 - Ottawa 5
TOP OF THE 9TH
Reno Railers batting - Pitching for Ottawa Beavers : LHP Topher Vaughn
Pitching: LHP Garrett Chartrand
Now in LF: Isaac Luo
Now in RF: Dennis Daley
Batting: RHB Sol Djojohadiksumo 0-0: Ball
1-0: Ball
2-0: Foul Ball, location: 2F
2-1: Called Strike
2-2: Foul Ball, location: 2F
2-2: Foul Ball, location: 2F
2-2: Strikes out looking
Batting: RHB Braedon Pashikian 0-0: Ball
1-0: Ball
2-0: Ball
3-0: Called Strike
3-1: Fly out, F8 (Line Drive, 78M, EV 87.5 MPH)
Pinch Hitting: SHB Ke'Ron Nicolescu 0-0: Ball
1-0: Foul Ball, location: 2F
1-1: Foul Ball, location: 2F
1-2: Ball
2-2: Strikes out swinging
Top of the 9th over - 0 runs, 0 hits, 0 errors, 0 left on base; Reno 3 - Ottawa 5
Saturday, April 27th , 2024 - OOTP Baseball 23.10 Build 110